 Dungeon Crawl Stone Soup version bcrawl-1.38.3 (webtiles) character file.

Game seed: 2150261717086929671

224107 MisterOstroum the Cutter (level 7, -10/45 HPs)
             Began as a Fairy Fighter on June 11, 2023.
             Was a Follower of Cheibriados.
             Mangled by Blork the orc
             ... wielding a +0 scimitar
              (12 damage)
             ... on level 4 of the Dungeon.
             The game lasted 00:06:07 (3360 turns).

MisterOstroum the Cutter (Fairy Fighter)            Turns: 3360, Time: 00:06:07

Health: -10/45     AC:  5    Str: 17    XL:     7   Next: 39%
Magic:  9/9        EV: 19    Int: 15    God:    Cheibriados [*.....]
Gold:   284        SH:  5    Dex: 16    Spells: 6/6 levels left

rFire    . . .     GDR:     28% a - +0 rapier
rCold    . . .     SeeInvis .   (shield restricted)
rNeg     . . .     Gourm    .   (armour unavailable)
rPois    .         Faith    .   (no helmet)
rElec    .         Spirit   .   (no cloak)
rCorr    .         Reflect  .   (no gloves)
MR       .....     Clarity  +   (no boots)
Stlth    ++........             (no amulet)
HPRegen  0.17/turn              l - ring of stealth
MPRegen  0.11/turn              (no ring)

@: flying evasively, very slow
A: small, magic attunement, unstealthy, unfitting armour, able to fly, AC/SH +5
a: Stop Flying, Bend Time, Renounce Religion


You were on level 4 of the Dungeon.
You worshipped Cheibriados.
Cheibriados was aware of your devotion.
You were not hungry.

You visited 1 branch of the dungeon, and saw 4 of its levels.

You collected 284 gold pieces.

Inventory:

Hand Weapons
 a - a +0 rapier (weapon)
Missiles
 d - 280 poisoned needles
 g - 313 arrows
 k - 155 bolts
 o - 682 stones (quivered)
 s - 83 poisoned tomahawks
Armour
 b - a +0 medium shield
 w - a +2 helmet
Jewellery
 l - a ring of stealth (left hand)
 v - a +5 ring of intelligence {unknown}
Wands
 q - a wand of paralysis (6)
Scrolls
 i - 5 scrolls of identify {@r1}
 m - 2 scrolls of remove curse {unknown}
 n - a scroll of immolation {unknown}
 p - a scroll of teleportation {unknown}
 r - a scroll of enchant weapon {unknown}
Potions
 c - a potion of might {@q3 !q}
 f - a potion of flight {unknown}
 h - a potion of heal wounds {unknown}
 j - 2 potions of mutation {unknown}
 t - 3 potions of curing {unknown}
 u - a potion of agility {unknown}
 x - a potion of magic {unknown}
Comestibles
 e - 7 rations {!d}


   Skills:
 * Level 2.7 Fighting
 + Level 6.0 Short Blades
 + Level 4.0 Throwing
 + Level 5.0 Dodging
 - Level 3.6 Shields


You had 6 spell levels left.
You didn't know any spells.
Your spell library was empty.

Dungeon Overview and Level Annotations

Branches:
Dungeon (4/12)
 Temple: D:4-7

Altars:
Cheibriados
The Shining One

Annotations:
D:4 Blork the orc


Innate Abilities, Weirdness & Mutations

Your spells do not cause hunger and MP costs are reduced by 1.
Your bright wings attract enemies. (Stealth-)
You cannot fit into any form of body armour.
Your shimmering scales are hard and can block incoming attacks. (AC +5, SH +5)
You are small and have problems with some larger weapons.
You can fly continuously.


Message History

The jackal completely misses you. Sigmund barely misses you.
You puncture the jackal!
You kill the jackal!
Cheibriados thoroughly appreciates the change of pace.
Sigmund points at you and mumbles some strange words.
You feel momentarily confused.
You hear an angry hiss.
Evoke which item? (* to show all) (? for menu, Esc to quit)
Aiming: Paralyse
Press: ? - help, Shift-Dir - straight line, f - Sigmund
Aim: Sigmund, wielding a +0 scythe and wearing a +0 robe (chance to defeat MR: 57%) Sigmund suddenly stops moving!
An adder comes into view.
You see here a jackal corpse.
The helpless Sigmund fails to defend himself.
You puncture Sigmund!
Sigmund is moderately wounded.
The helpless Sigmund fails to defend himself.
You puncture Sigmund!
Sigmund is severely wounded.
The helpless Sigmund fails to defend himself.
You puncture Sigmund!
You kill Sigmund!
Your Throwing skill increases to level 3!
You have reached level 7!
You block the adder's attack.
You hit the adder but do no damage. The adder bites you but does no damage.
You hit the adder.
The adder is heavily wounded.
The adder closely misses you.
Blork the orc mumbles some strange words.
Blork the orc flickers and vanishes!
Deactivating autopickup; reactivate with Ctrl-A.
You hit the adder but do no damage.
The adder is heavily wounded.
You block the adder's attack. The adder completely misses you.
You hit the adder.
You kill the adder!
Cheibriados appreciates the change of pace.
Training target 4.0 for Throwing reached!
Your Throwing skill increases to level 4!
You need to enable at least one skill for training.
Your library has no spells.
Unknown command.
Unknown command.
You hit the adder but do no damage. The adder closely misses you.
You miss the adder. The adder completely misses you. The adder misses you.
You hit the adder but do no damage. The adder closely misses you.
You hit the adder.
The adder is moderately wounded.
You hear some strange, mumbled words.
The adder misses you.
You puncture the adder!
You kill the adder!
Cheibriados thoroughly appreciates the change of pace.
A magic dart appears from out of thin air!
The magic dart hits you.
No target in view!
You miss something.
Evoke which item? (* to show all) (? for menu, Esc to quit)
Aiming: Paralyse
Press: ? - help, Shift-Dir - straight line Nothing appears to happen.
You hit something. You hit something.
You are starving!
You barely miss something. You hit something but do no damage.
You hit something. You closely miss something. You hit something.
You hit something. You hit something. You hit something but do no damage.
You hit something but do no damage. You hit something but do no damage.
Something hits you.
You hit something. Something hits you but does no damage.
You barely miss something. Something hits you!
You hit something but do no damage. Something hits you but does no damage.
You hit something.
You hear some strange, mumbled words.
A puff of flame appears from out of thin air!
The puff of flame hits you. Something hits you.
You hit something.
You hear some strange, mumbled words.
A puff of frost appears from out of thin air!
The puff of frost hits you.
Evoke which item? (* to show all) (? for menu, Esc to quit)
Aiming: Paralyse
Press: ? - help, Shift-Dir - straight line Nothing appears to happen.
Something hits you but does no damage.
You eat one of the 8 rations {!d}.
That ration really hit the spot!
You hear some strange, mumbled words.
A magic dart appears from out of thin air!
The magic dart hits you.
* * * LOW HITPOINT WARNING * * *
Something hits you!
* * * LOW HITPOINT WARNING * * *
You miss something. Something hits you!
You die...

### ...#########
################ #.........#
#..............# #.>.......#
#.############.# #.........#
#............#..
#......#.#######..######.###
#.....o..)†..^.............
......#.#.##{#....[######.###
........#.##@#..........#....
.......##.##.#..##.####.#..>.
######. #....#..##.####.#....
.. ###..#.......##.#.### ##.
#.......##.#.##.#..#
#....#..#####.#.##.##.#
#.#.....#####.#.##.##.# .
#.###.#.......##.##.# ...
#.#....)...#.##'##


There were no monsters in sight!

Vanquished Creatures
  Sigmund (D:4)
  A sky beast (D:2)
  A phantom (D:4)
  A crimson imp (D:4)
  An iguana (D:3)
  2 worker ants (D:4)
  Robin (D:4)
  3 adders
  2 oozes
  2 worms (D:2)
  4 dart slugs (D:2)
  2 leopard geckos
  10 orcs
  A giant cockroach (D:4)
  12 hobgoblins
  7 jackals
  A quokka (D:1)
  4 bats
  2 frilled lizards (D:1)
  15 goblins
  7 kobolds
  8 rats
88 creatures vanquished.

Notes
Turn   | Place    | Note
-------+----------+-------------------------------------------
     0 | D:1      | MisterOstroum the Fairy Fighter began the quest for the
                  | Orb.
     0 | D:1      | Reached XP level 1. HP: 15/15 MP: 3/3
   195 | D:1      | Reached XP level 2. HP: 18/20 MP: 4/4
   392 | D:1      | Reached skill level 3 in Short Blades
   975 | D:1      | Reached XP level 3. HP: 19/25 MP: 5/5
  1114 | D:2      | Noticed a sky beast
  1125 | D:2      | Killed a sky beast
  1126 | D:2      | Reached skill level 5 in Short Blades
  1126 | D:2      | Reached XP level 4. HP: 13/30 MP: 6/6
  1126 | D:2      | Reached XP level 5. HP: 16/35 MP: 7/7
  1272 | D:2      | Found a glowing golden altar of the Shining One.
  1599 | D:2      | Found a snail-covered altar of Cheibriados.
  1605 | D:2      | Became a worshipper of Cheibriados the Contemplative
  2377 | D:3      | Reached * piety under Cheibriados
  2537 | D:4      | Reached XP level 6. HP: 37/41 MP: 8/8
  2674 | D:4      | Noticed Robin
  2705 | D:4      | Killed Robin
  2706 | D:4      | Reached skill level 1 in Throwing
  2893 | D:4      | Reached skill level 6 in Short Blades
  3194 | D:4      | Noticed a phantom
  3217 | D:4      | Killed a phantom
  3218 | D:4      | Reached skill level 5 in Dodging
  3308 | D:4      | Noticed Sigmund
  3315 | D:4      | Noticed Blork the orc
  3328 | D:4      | Killed Sigmund
  3329 | D:4      | Reached XP level 7. HP: 45/45 MP: 9/9
  3359 | D:4      | HP: 1/45 [something (10)]
  3360 | D:4      | Mangled by Blork the orc

Skill      XL: |  1  2  3  4  5  6  7 |
---------------+----------------------+-----
Short Blades   | 3 5 6 |  6.0
Throwing       | 3 4 |  4.0
Dodging        | 5 |  5.0
Fighting       | |  2.7
Shields        | |  3.6

Action                   |  1- 3 |  4- 6 |  7- 9 || total
-------------------------+-------+-------+-------++-------
Melee: Rapier            |    80 |   202 |    28 ||   310
Throw: Stone             |    18 |    41 |       ||    59
       Tomahawk          |       |     5 |       ||     5
Evoke: Wand              |       |     1 |     2 ||     3
 Stab: Sleeping          |       |     6 |       ||     6
       Distracted        |       |     1 |       ||     1
       Paralysed         |       |     3 |       ||     3
  Eat: Chunk             |     3 |    10 |       ||    13
       Ration            |       |       |     1 ||     1
Armor: Skin              |    20 |    24 |     3 ||    47
Dodge: Dodged            |    55 |   112 |     7 ||   174
Block: Other             |    15 |    28 |     2 ||    45
